 Dungeon Crawl Stone Soup version 0.22-a0-252-gcace5d2 (webtiles) character file.

71625 4thArraOfDagon the Spry (level 14, -11/66 HPs)
             Began as a Felid Chaos Knight on Mar 2, 2018.
             Killed from afar by a lindwurm (36 damage)
             ... with a blast of flame
             ... on level 4 of the Lair of Beasts.
             The game lasted 01:44:14 (18447 turns).

4thArraOfDagon the Spry (Felid Chaos Knight)       Turns: 18447, Time: 01:44:14

Health: -11/66     AC:  5    Str: 10    XL:     14   Next: 98%
Magic:  28/28      EV: 33    Int: 19    God:    Xom [..*...]
Gold:   1290       SH:  0    Dex: 19    Spells: 7/25 levels left
                                        Lives:  0   Deaths: 4

rFire    . . .     SeeInvis +     - Unarmed
rCold    + . .     Gourm    .   (shield unavailable)
rNeg     . . .     Faith    .   (armour unavailable)
rPois    .         Spirit   .   (helmet unavailable)
rElec    .         Reflect  .   (cloak unavailable)
rCorr    .         Harm     .   (gloves unavailable)
MR       ++...     Clarity  +   (boots unavailable)
Stlth    +++++++...             m - amulet of rage
HPRegen  0.21/turn              M - +4 ring of slaying
MPRegen  0.21/turn              g - +6 ring of slaying

@: berserk cooldown, slowed, slow
A: very small, no armour, no weapons or thrown items, stealth, claws 1, fangs 3,
horns 1, thin skeletal structure 1, yellow scales 1, see invisible, carnivore,
clarity, clever 1, speed 1, high mp 2, shaggy fur 3, slow metabolism 1, strong
1, wild magic 1, sharp paws
a: Renounce Religion, Evoke Berserk Rage


You were on level 4 of the Lair of Beasts.
You worshipped Xom.
You were a toy of Xom.
You were full.

You visited 4 branches of the dungeon, and saw 26 of its levels.
You also visited: Bailey and Ice Cave.

You collected 2236 gold pieces.
You spent 946 gold pieces at shops.

Inventory:

Jewellery
 g - a +6 ring of slaying (right paw)
 h - the ring "Pasiro" {rPois MP+9 Dex+2 SInv}
   (Xom gifted it to you in an ice cave)

   [ring of dexterity]

   It affects your dexterity (+2).
   It protects you from poison.
   It affects your magic capacity (+9).
   It lets you see invisible.
 m - an amulet of rage (around neck)
 s - an uncursed ring of positive energy
 v - an uncursed ring of wizardry
 z - an uncursed ring of ice
 B - the ring of the Mage {Wiz MR++ Int+3}
   (You bought it in a shop on level 2 of the Orcish Mines)

   [ring of wizardry]

   It improves your spell success rate.
   It affects your intelligence (+3).
   It affects your resistance to hostile enchantments.
 M - a +4 ring of slaying (left paw)
 N - an uncursed ring of resist corrosion
Wands
 e - a wand of polymorph (19)
 n - a wand of clouds (5)
 o - a wand of paralysis (1)
 p - a wand of iceblast (12)
 r - a wand of flame (34)
 x - a wand of acid (17)
 y - a wand of enslavement (13)
Scrolls
 b - 2 scrolls of immolation
 c - a scroll of fear
 j - 5 scrolls of teleportation
 k - 6 scrolls of remove curse
 q - 2 scrolls of summoning
 C - a scroll of noise
 E - 3 scrolls of blinking
 H - a scroll of fog
 I - 5 scrolls of identify
 O - a scroll of magic mapping
 P - 3 scrolls of torment {unknown}
Potions
 d - a potion of heal wounds
 f - 2 potions of resistance
 i - a potion of haste
 l - 3 potions of might
 t - 2 potions of flight
 A - 3 potions of mutation
 D - 2 potions of brilliance
 F - a potion of berserk rage
 J - 3 potions of curing
 K - 2 potions of magic
 L - 2 potions of agility
Miscellaneous
 u - a phantom mirror
 w - a box of beasts
 G - a lamp of fire
Comestibles
 a - 32 rations


   Skills:
 - Level 10.0 Fighting
 - Level 16.0 Dodging
 - Level 15.0 Stealth
 - Level 15.0 Unarmed Combat
 - Level 6.2 Spellcasting
 - Level 4.9 Charms
 - Level 4.0 Necromancy
 - Level 10.0 Transmutations
 + Level 5.2 Earth Magic
 - Level 10.0 Evocations


You had 7 spell levels left.
You knew the following spells:

 Your Spells              Type           Power        Failure   Level  Hunger
a - Apportation           Tloc           #.....       16%         1    None
b - Ice Form              Ice/Tmut       ####....     21%         4    ####...
c - Regeneration          Chrm/Necr      ####......   8%          3    ##.....
d - Borgnjor's Vile Clut  Necr/Erth      ####......   50%         5    #####..
e - Lee's Rapid Deconstr  Erth           ####......   43%         5    #####..


Dungeon Overview and Level Annotations

Branches:
Dungeon (15/15)            Temple (0/1) D:5            Lair (6/6) D:10
 Shoals (0/4) Lair:3       Spider (0/4) Lair:4          Orc (2/2) D:10
    Elf (3/3) Orc:2        Depths (0/5) D:15
  Slime: Lair:5-6    Vaults: D:13-14

Altars:
Dithmenos
Kikubaaqudgha
Nemelex Xobeh
Vehumet
Wu Jian
Xom
The Shining One
Beogh

Shops:
D:6 %   D:15 [   Orc:2 *([=   Elf:3 [

Portals:
Trove: D:11 (give 6 potions of agility)

Annotations:
D:12 4thArraOfDagon's ghost, novice FeCK
Lair:2 exclusion: 3 oklob plants
Lair:4 exclusion: oklob plant


Innate Abilities, Weirdness & Mutations

You cannot wear armour.
You are incapable of wielding weapons or throwing items.
Your paws allow you to move quietly. (Stealth)
You have sharp claws.
You have razor-sharp teeth.
You have supernaturally acute eyesight. (SInv)
You are carnivorous and can eat meat at any time.
You cover ground quickly.
Your thick and shaggy fur keeps you warm. (AC +3, rC+)
You have a slow metabolism.
Your sharp claws are effective at attacking unaware monsters.
You have a pair of small horns on your head.
You have a somewhat thin skeletal structure. (Dex +2, Stealth)
You are partially covered in yellow scales. (AC +2)
You possess an exceptional clarity of mind.
Your mind is acute. (Int +2)
You have a considerably increased reservoir of magic. (+20% MP)
Your muscles are strong. (Str +2)
Your spells are a little harder to cast, but a little more powerful.


Message History

You feel yourself slow down. The lindwurm bites you! The lindwurm claws you! x2
You can move again.
Unknown command.
Unknown command.
You're still recovering from your berserk rage.
You warm up again.
The lindwurm completely misses you. x2; The lindwurm claws you.
Unknown command.
Okay, then.
Evoke which item? (* to show all) (? for menu, Esc to quit)
Aiming: Paralyse
Press: ? - help, Shift-Dir - straight line, f - lindwurm
Aim: a lindwurm (chance to defeat MR: 55%)
The lindwurm resists with significant effort.
The lindwurm breathes flames at you. The blast of flame hits you!
Ouch! That really hurt!
You die...
Xom giggles madly!

###############
≈≈≈≈≈.........##
≈≈.....#....P..#
yy.≈≈####†#.P..#
kk≈≈##...#..P.## ....
l≈≈##...k#....# ...
y≈##..#.#@#..## #..
≈##...#.#.#P.# ###.. #≈
##...#.#.#.#.# #.... #≈
##...#..#.#.#.# ###...#.. #.
##...#.##.#.#..#####....##.⌠ #.
#..##..##.#.#........#...#..
#.##....##....#....##....#....#
#..#..##..##..#.[##..##..#.P..#
#...##..##..##.##)†##..##.....#


You could see a lindwurm.

Vanquished Creatures
  A frost giant (IceCv)
  An orc warlord (Orc:2)
  A deep elf sorcerer (Elf:3)
  A deep elf elementalist (Elf:2)
  A stone giant (Orc:2)
  A deep elf death mage (Elf:2)
  Josephine (D:11)
  Erolcha (D:11)
  Fannar (Lair:1)
  2 hydras (Lair:6)
  A catoblepas (Lair:4)
  A centaur warrior (D:14)
  15 dancing weapons
  3 two-headed ogres
  22 death yaks
  An orc high priest (Orc:2)
  13 deep elf knights
  An unseen horror (shapeshifter) (Elf:2)
  An unseen horror (D:13)
  5 deep elf archers
  2 ugly things (D:13)
  41 deep elf magi
  4 orc knights
  A wolf spider (Lair:4)
  A cyclops (D:14)
  5 orc sorcerers
  3 manticores
  3 elephants
  4 black mambas
  An ice statue (IceCv)
  24 spiny frogs
  7 komodo dragons
  2 rime drakes (Lair:4)
  2 kobold demonologists
  2 meliai (Lair:4)
  4 tyrant leeches (Lair:6)
  A troll (D:13)
  A hornet (D:7)
  15 polar bears
  12 blink frogs
  5 hippogriffs
  6 spriggans (Lair:1)
  Sigmund (D:5)
  3 air elementals (Elf:1)
  2 vampires
  2 water elementals
  2 wraiths (D:11)
  A tarantella (D:9)
  A fire elemental (Elf:1)
  5 basilisks
  18 yaks
  A steam dragon (Lair:4)
  5 vampire mosquitoes (Lair:6)
  2 hungry ghosts
  3 wargs
  Menkaure (D:5)
  2 acid dragons (D:12)
  A two-headed ogre zombie (D:10)
  Edmund (D:5)
  5 porcupines
  22 orc warriors
  10 water moccasins
  A sky beast (D:6)
  2 black bears
  3 ice beasts
  A phantom (D:10)
  A tengu (Lair:4)
  13 ogres
  A necrophage (D:11)
  36 wolves
  5 centaurs
  A big kobold (D:11)
  12 crocodiles
  22 bullfrogs
  3 earth elementals
  2 scorpions
  2 troll zombies (D:10)
  26 killer bees (Lair:4)
  A wight (D:14)
  A vampire bat (Orc:1)
  An electric eel (Lair:6)
  2 crimson imps
  A quasit (D:9)
  A jelly (D:3)
  4 hounds
  16 orc wizards
  12 orc priests
  2 bullfrog skeletons
  2 iguanas
  8 worker ants
  5 ogre zombies (D:10)
  A howler monkey zombie (D:11)
  6 adders
  2 shadow imps
  An adder skeleton (D:6)
  A worm (D:3)
  A leopard gecko (D:1)
  48 orcs
  3 ball pythons
  8 giant cockroaches
  8 goblins
  7 hobgoblins
  7 jackals
  10 kobolds
  2 quokkas
  13 bats
  4 frilled lizards
  A giant cockroach zombie (D:5)
  A goblin zombie (D:10)
  4 hobgoblin zombies (D:10)
  A leopard gecko zombie (D:6)
  3 orc skeletons (D:10)
  16 orc zombies (D:10)
  A quokka skeleton (D:6)
  2 rats (D:3)
  2 fungi
648 creatures vanquished.

Vanquished Creatures (collateral kills)
  A cyclops (D:15)
  Maurice (D:11)
  2 spiny frogs
  A komodo dragon (Lair:6)
  A blink frog (Lair:6)
  A wraith (D:11)
  A yak (D:9)
  A basilisk (D:8)
  A vampire mosquito (Lair:6)
  A water moccasin (Lair:6)
  An orc warrior (D:7)
  A black bear (D:7)
  An eye of draining (D:11)
  A big kobold (D:9)
  A hound (D:11)
  An orc wizard (D:9)
  A shadow imp (D:11)
  2 orcs
  2 kobolds (D:9)
22 creatures vanquished.

Vanquished Creatures (others)
  A death yak (Lair:2)
  A phantasmal warrior (D:13)
  An elephant (Lair:3)
  A yak (D:9)
  A fire elemental (Elf:2)
  2 centaurs (D:13)
  A bullfrog (D:8)
  A bullfrog skeleton (D:8)
  A hound zombie (D:11)
  An orc (D:6)
  A kobold (D:11)
  A bush (Lair:6)
  33 fungi
  66 plants
112 creatures vanquished.

Grand Total: 782 creatures vanquished

Notes
Turn   | Place    | Note
-------+----------+-------------------------------------------
     0 | D:1      | 4thArraOfDagon the Felid Chaos Knight began the quest for the Orb.
     0 | D:1      | Reached XP level 1. HP: 10/10 MP: 2/2
     5 | D:1      | XOM: potion effect (might)
    15 | D:1      | Reached skill level 1 in Stealth
    22 | D:1      | Reached XP level 2. HP: 14/14 MP: 3/3
    23 | D:1      | wow
    35 | D:1      | such tough start
    35 | D:1      | lets just win it
    71 | D:1      | XOM: divination: magic mapping
   136 | D:1      | XOM: noise
   355 | D:3      | XOM: fog
   399 | D:2      | XOM: mild Erth miscast
   408 | D:2      | Reached XP level 3. HP: 15/17 MP: 4/4
   409 | D:2      | XOM: smoke on damage
   506 | D:2      | XOM: 9-stop teleportation journey
   715 | D:3      | XOM: 1-stop teleportation journey
   891 | D:5      | Entered Level 5 of the Dungeon
   983 | D:6      | XOM: cleaving
   988 | D:6      | Noticed a sky beast
   989 | D:6      | Reached skill level 4 in Dodging
   989 | D:6      | Reached XP level 4. HP: 14/21 MP: 5/5
   993 | D:6      | HP: 1/21 [sky beast (5)]
   993 | D:6      | XOM: butterfly on damage
  1002 | D:6      | Noticed an ice beast
  1006 | D:6      | XOM: enchant monster (good)
  1021 | D:6      | Killed a sky beast
  1021 | D:6      | Reached XP level 5. HP: 16/24 MP: 6/6
  1022 | D:6      | Killed an ice beast
  1022 | D:6      | Reached skill level 5 in Stealth
  1022 | D:6      | XOM: potion effect (haste)
  1046 | D:6      | Found Viumi's Food Emporium.
  1077 | D:5      | Found a shadowy altar of Dithmenos.
  1110 | D:5      | Noticed a centaur
  1111 | D:5      | Gained mutation: You are covered in thick fur. (AC +2) [Felid growth]
  1111 | D:5      | Reached XP level 6. HP: 23/28 MP: 7/7
  1115 | D:5      | Reached skill level 5 in Dodging
  1115 | D:5      | Reached skill level 5 in Unarmed Combat
  1161 | D:6      | XOM: confuse monster(s)
  1191 | D:6      | XOM: destruction
  1274 | D:7      | Noticed a hornet
  1279 | D:7      | Killed a hornet
  1279 | D:7      | Reached XP level 7. HP: 29/31 MP: 8/8
  1445 | D:7      | XOM: potion effect (invisibility)
  1591 | D:7      | XOM: destruction
  1598 | D:7      | XOM: cast spell 'Dispersal'
  1612 | D:7      | XOM: cleaving
  1662 | D:7      | XOM: scenery: create altars
  1665 | D:7      | XOM: summons 7 friendly demons
  1734 | D:8      | XOM: potion effect (heal wounds)
  1756 | D:8      | XOM: harmless Air miscast
  1765 | D:8      | Noticed a basilisk
  1765 | D:8      | an ogre changed into a basilisk
  1765 | D:8      | XOM: polymorph ogre -> basilisk
  1779 | D:8      | XOM: divine lightning
  1792 | D:8      | Killed a basilisk
  1792 | D:8      | Reached skill level 6 in Dodging
  1964 | D:7      | XOM: 10-stop teleportation journey
  2051 | D:9      | Found an ornate altar of the Wu Jian Council.
  2127 | D:9      | Noticed a yak
  2128 | D:9      | Reached XP level 8. HP: 34/34 MP: 9/9
  2156 | D:9      | XOM: polymorph yak -> tarantella
  2175 | D:9      | XOM: harmless Hex miscast
  2181 | D:9      | XOM: cast spell 'Olgreb's Toxic Radiance'
  2310 | D:9      | Reached skill level 7 in Dodging
  2363 | D:9      | XOM: give mutations
  2363 | D:9      | Gained mutation: Your spells are a little harder to cast, but a little more powerful. [Xom's grace]
  2363 | D:9      | Gained mutation: You are partially covered in yellow scales. (AC +2) [Xom's grace]
  2382 | D:9      | XOM: fake destruction
  2443 | D:10     | Entered Level 10 of the Dungeon
  2476 | D:10     | Found a staircase to the Lair.
  2509 | D:9      | Found a flagged portal.
  2517 | Bailey   | Entered a bailey
  2574 | D:10     | XOM: 2-stop teleportation journey
  2614 | D:10     | Found a staircase to the Orcish Mines.
  2614 | D:10     | XOM: 3-stop teleportation journey
  2745 | D:11     | Noticed a deep elf mage
  2749 | D:11     | Noticed a merfolk
  2750 | D:11     | Killed from afar by a deep elf mage
  2751 | D:11     | Reached XP level 7. HP: -4/31 MP: 17/17
  2768 | D:11     | Noticed Erolcha
  2776 | D:11     | Killed Erolcha
  2776 | D:11     | Reached skill level 10 in Stealth
  2776 | D:11     | Reached XP level 8. HP: 22/34 MP: 9/9
  2821 | D:11     | Found a portal to a secret trove of treasure.
  2950 | D:12     | Noticed 4thArraOfDagon's ghost (novice FeCK)
  2991 | D:12     | XOM: god gift: scroll of fog
  3043 | D:12     | Identified Maosara's Guide on Arcane Weapons and Bewitchment (Xom gifted it to you on level 12 of the Dungeon)
  3043 | D:12     | XOM: god gift: Maosara's Guide on Arcane Weapons and Bewitchment
  3108 | D:13     | Noticed a fire dragon
  3117 | D:13     | Noticed a komodo dragon
  3132 | D:13     | Killed a komodo dragon
  3132 | D:13     | Reached skill level 8 in Dodging
  3205 | D:14     | Noticed a red ugly thing
  3205 | D:14     | Noticed a red ugly thing
  3205 | D:14     | Noticed a red ugly thing
  3205 | D:14     | Noticed a kobold demonologist
  3205 | D:14     | Noticed a deep elf mage
  3207 | D:14     | Noticed a hellwing
  3214 | D:14     | Noticed a red ugly thing
  3214 | D:14     | Noticed a red ugly thing
  3214 | D:14     | Noticed a red ugly thing
  3214 | D:14     | XOM: cast spell 'Death Channel'
  3234 | D:13     | Killed a white ugly thing
  3234 | D:13     | Reached XP level 9. HP: 37/37 MP: 10/10
  3251 | D:13     | Noticed a two-headed ogre
  3255 | D:13     | XOM: divination: detect items
  3263 | D:13     | Noticed an unseen horror
  3266 | D:13     | XOM: chaos cloud
  3272 | D:13     | Noticed a swamp dragon
  3272 | D:13     | a two-headed ogre changed into a swamp dragon
  3495 | D:13     | XOM: draining
  3544 | D:13     | XOM: mild Tmut miscast
  3643 | D:13     | Noticed a phantasmal warrior
  3675 | D:13     | XOM: summons 1 hostile demon
  3676 | D:13     | Killed a phantasmal warrior
  3676 | D:13     | XOM: divine lightning
  3683 | D:13     | Noticed a fire dragon
  3693 | D:13     | XOM: god gift: heavily runed diamond amulet {god gift}
  3694 | D:13     | Got a heavily runed diamond amulet {god gift}
  3696 | D:13     | Identified the amulet of Suspicion {Spirit MR+ Stlth+} (Xom gifted it to you on level 13 of the Dungeon)
  3795 | D:13     | Noticed a manticore
  3802 | D:13     | Killed a manticore
  3825 | D:13     | Noticed a troll
  3833 | D:13     | Killed a troll
  3921 | D:14     | Noticed a two-headed ogre
  3921 | D:14     | Noticed a yaktaur
  3934 | D:13     | Noticed a catoblepas
  3942 | D:13     | XOM: cleaving
  3952 | D:13     | You fall through a shaft for 2 floors!
  3952 | D:15     | XOM: noise
  3952 | D:15     | Entered Level 15 of the Dungeon
  3952 | D:15     | Noticed a cyclops
  3961 | D:15     | XOM: destruction
  3963 | D:15     | XOM: summons 9 friendly demons
  3968 | D:15     | Killed a cyclops
  4083 | D:15     | Noticed a fire giant
  4093 | D:15     | XOM: divination: detect creatures
  4102 | D:15     | XOM: cloud trail
  4107 | D:15     | XOM: potion effect (curing)
  4108 | D:15     | Found Zekhlodo's Antique Armour Emporium.
  4108 | D:15     | XOM: 5-stop teleportation journey
  4109 | D:15     | Noticed a two-headed ogre
  4111 | D:15     | Killed a two-headed ogre
  4111 | D:15     | Reached skill level 9 in Dodging
  4121 | D:15     | Learned a level 1 spell: Apportation
  4153 | D:15     | Found a staircase to the Depths.
  4302 | D:15     | Noticed a kobold demonologist
  4309 | D:15     | Killed a kobold demonologist
  4309 | D:15     | Reached XP level 10. HP: 16/42 MP: 13/13
  4464 | D:14     | XOM: scenery: create altars
  4465 | D:14     | Noticed a centaur warrior
  4468 | D:14     | XOM: summons 9 friendly demons
  4477 | D:14     | XOM: summons 6 friendly demons
  4499 | D:14     | Noticed a cyclops
  4519 | D:14     | XOM: chaos upgrade
  4524 | D:14     | Noticed a sixfirhy
  4524 | D:14     | a ynoxinul changed into a sixfirhy
  4524 | D:14     | XOM: polymorph ynoxinul -> sixfirhy
  4534 | D:14     | XOM: chaos upgrade
  4546 | D:14     | Killed a cyclops
  4546 | D:14     | Reached skill level 10 in Unarmed Combat
  4551 | D:14     | XOM: polymorph crimson imp -> shadow imp
  4559 | D:14     | Killed a deep elf mage
  4564 | D:14     | XOM: mild Necr miscast
  4572 | D:14     | Noticed a two-headed ogre
  4577 | D:14     | HP: 1/42 [centaur warrior (2)]
  4580 | D:14     | Killed a centaur warrior
  4580 | D:14     | Reached skill level 5 in Evocations
  4584 | D:14     | XOM: harmless Tmut miscast
  4796 | D:12     | Noticed a two-headed ogre
  4803 | D:12     | Killed a two-headed ogre
  4958 | D:11     | Noticed Maurice
  4978 | D:10     | Noticed a two-headed ogre
  4979 | D:10     | XOM: confuse monster(s)
  4980 | D:10     | You fall through a shaft for 3 floors!
  4991 | D:13     | Killed an unseen horror
  4991 | D:13     | Reached skill level 10 in Dodging
  4996 | D:13     | Killed a red ugly thing
  4996 | D:13     | Reached XP level 11. HP: 45/45 MP: 16/16
  5199 | D:11     | XOM: cleaving
  5203 | D:11     | XOM: cleaving
  5236 | D:11     | XOM: cast spell 'Cause Fear'
  5240 | D:11     | Noticed Josephine
  5253 | D:11     | Killed Maurice
  5256 | D:11     | Killed Josephine
  5263 | D:11     | Slain by a wraith
  5264 | D:11     | Reached XP level 10. HP: -5/63 MP: 5/15
  5506 | Lair:1   | Entered Level 1 of the Lair of Beasts
  5510 | Lair:1   | Noticed a spiny frog
  5530 | Lair:2   | Noticed a death yak
  5530 | Lair:2   | Noticed a death yak
  5530 | Lair:2   | Noticed a death yak
  5530 | Lair:2   | Noticed a death yak
  5530 | Lair:2   | Noticed a death yak
  5530 | Lair:2   | Noticed a death yak
  5545 | Lair:2   | XOM: silly message
  5546 | Lair:2   | XOM: confusion (+ monsters)
  5559 | Lair:2   | XOM: enchant monster (good)
  5560 | Lair:2   | Killed a death yak
  5574 | Lair:2   | XOM: swap monsters
  5612 | Lair:2   | Noticed a death yak
  5612 | Lair:2   | Noticed a death yak
  5614 | Lair:2   | Noticed a death yak
  5615 | Lair:2   | Noticed a spiny frog
  5615 | Lair:2   | Noticed a death yak
  5618 | Lair:2   | XOM: confusion (+ monsters)
  5625 | Lair:2   | XOM: confuse monster(s)
  5632 | Lair:2   | XOM: divination: detect creatures
  5634 | Lair:2   | Found a frozen archway.
  5651 | IceCv    | Entered an ice cave
  5726 | IceCv    | Reached skill level 15 in Stealth
  5744 | IceCv    | XOM: divination: detect creatures
  5862 | IceCv    | Reached skill level 11 in Dodging
  5944 | IceCv    | XOM: smoke on damage
  5953 | IceCv    | XOM: polymorph yak -> blink frog
  5954 | IceCv    | XOM: destruction
  6108 | IceCv    | Reached XP level 11. HP: 45/45 MP: 16/16
  6157 | IceCv    | XOM: noise
  6339 | IceCv    | XOM: harmless Pois miscast
  6343 | IceCv    | XOM: potion effect (curing)
  6483 | IceCv    | XOM: silly message
  6502 | IceCv    | XOM: harmless Summ miscast
  6517 | IceCv    | XOM: 4-stop teleportation journey
  6576 | IceCv    | XOM: scenery: create altars
  6580 | IceCv    | XOM: confuse monster(s)
  6710 | IceCv    | Noticed a death yak
  6740 | IceCv    | XOM: fog
  6807 | IceCv    | XOM: scenery: create altars
  6812 | IceCv    | Reached skill level 12 in Dodging
  6813 | IceCv    | XOM: cast spell 'Cause Fear'
  6828 | IceCv    | Killed a death yak
  6973 | IceCv    | XOM: divination: detect items
  6982 | IceCv    | XOM: god gift: pitted marble ring {god gift}
  6983 | IceCv    | Got a pitted marble ring {god gift}
  7000 | IceCv    | Identified the ring "Pasiro" {rPois MP+9 Dex+2 SInv} (Xom gifted it to you in an ice cave)
  7077 | IceCv    | XOM: smoke on damage
  7122 | IceCv    | Noticed a death yak
  7122 | IceCv    | Noticed a death yak
  7122 | IceCv    | Noticed a frost giant
  7436 | IceCv    | XOM: fog
  7479 | IceCv    | XOM: give mutations
  7479 | IceCv    | Gained mutation: You have an increased reservoir of magic. (+10% MP) [Xom's grace]
  7479 | IceCv    | Gained mutation: Your muscles are strong. (Str +2) [Xom's grace]
  7479 | IceCv    | Gained mutation: You have a pair of small horns on your head. [Xom's grace]
  7500 | IceCv    | XOM: butterfly on damage
  7504 | IceCv    | Killed a frost giant
  7509 | IceCv    | Killed a death yak
  7626 | IceCv    | XOM: god gift: dagger {god gift}
  7801 | IceCv    | XOM: divination: detect creatures
  7813 | IceCv    | XOM: 6-stop teleportation journey
  7833 | IceCv    | XOM: cleaving
  7842 | IceCv    | Killed a death yak
  7842 | IceCv    | Gained mutation: Your thick and shaggy fur keeps you warm. (AC +3, rC+) [Felid growth]
  7842 | IceCv    | Reached XP level 12. HP: 48/48 MP: 19/19
  8019 | Lair:3   | Reached skill level 13 in Dodging
  8153 | Lair:3   | XOM: enchant monster (good)
  8294 | Lair:4   | XOM: fog
  8325 | Lair:4   | XOM: 1-stop teleportation journey
  8355 | Lair:4   | XOM: polymorph water moccasin -> ice beast
  8392 | Lair:5   | Learned a level 4 spell: Ice Form
  8405 | Lair:5   | Noticed a catoblepas
  8472 | Lair:6   | Entered Level 6 of the Lair of Beasts
  8500 | Lair:6   | Noticed a four-headed hydra
  8525 | Lair:6   | XOM: divination: detect creatures
  8559 | Lair:6   | XOM: scenery: create altars
  8561 | Lair:6   | XOM: cleaving
  8571 | Lair:6   | Noticed a four-headed hydra
  8572 | Lair:6   | XOM: cast spell 'Summon Mana Viper'
  8591 | Lair:6   | Killed a four-headed hydra
  8591 | Lair:6   | Reached skill level 1 in Transmutations
  8600 | Lair:6   | XOM: cloud trail
  8657 | Lair:6   | XOM: summons friendly ufetubus
  8678 | Lair:6   | XOM: polymorph ufetubus -> shadow imp
  8681 | Lair:6   | Reached skill level 1 in Spellcasting
  8702 | Lair:6   | XOM: summons 2 friendly demons
  8745 | Lair:6   | XOM: polymorph blink frog -> basilisk
  8778 | Lair:6   | XOM: 8-stop teleportation journey
  8798 | Lair:6   | XOM: divination: detect creatures
  9076 | Lair:6   | XOM: summons friendly quasit
  9112 | Lair:6   | XOM: harmless Tmut miscast
  9119 | Lair:6   | XOM: potion effect (brilliance)
  9307 | Lair:6   | XOM: cast spell 'Summon Mana Viper'
  9342 | Lair:6   | XOM: harmless Air miscast
  9371 | Lair:6   | Killed a four-headed hydra
  9371 | Lair:6   | Reached XP level 13. HP: 53/53 MP: 20/20
  9568 | Lair:6   | XOM: destruction
  9684 | Lair:6   | XOM: summons 2 friendly demons
  9867 | Lair:6   | XOM: cast spell 'Leda's Liquefaction'
  9868 | Lair:6   | XOM: 5-stop teleportation journey
  9906 | Lair:6   | XOM: cast spell 'Shadow Creatures'
  9910 | Lair:6   | Reached skill level 5 in Transmutations
  9913 | Lair:6   | Reached skill level 14 in Dodging
  9919 | Lair:6   | Reached skill level 15 in Unarmed Combat
  9924 | Lair:6   | Reached skill level 5 in Fighting
 10103 | Lair:6   | XOM: divination: magic mapping
 10284 | Lair:6   | XOM: scenery: create altars
 10288 | Lair:6   | XOM: medium Hex miscast
 10384 | Lair:4   | XOM: cast spell 'Cause Fear'
 10464 | Lair:4   | XOM: confuse monster(s)
 10472 | Lair:4   | XOM: harmless Summ miscast
 10510 | Lair:4   | Found a hole to the Spider Nest.
 10527 | Lair:4   | XOM: summons friendly white imp
 10529 | Lair:4   | XOM: cast spell 'Summon Mana Viper'
 10533 | Lair:3   | XOM: medium Ice miscast
 10636 | Lair:3   | XOM: noise
 10658 | Lair:3   | XOM: enchant monster (good)
 10722 | Lair:3   | Found a staircase to the Shoals.
 11022 | Lair:2   | XOM: scenery: create altars
 11037 | Lair:2   | XOM: enchant monster (good)
 11043 | Lair:1   | HP: 3/82 [wolf (4)]
 11053 | Lair:1   | XOM: cleaving
 11056 | Lair:1   | HP: 4/82 [poisoned by a spiny frog]
 11057 | Lair:1   | Slain by a spiny frog
 11058 | Lair:1   | Reached XP level 12. HP: -5/78 MP: 30/30
 11170 | Lair:1   | Noticed Fannar
 11174 | Lair:1   | XOM: scenery: create altars
 11184 | Lair:1   | Killed Fannar
 11282 | Lair:1   | Learned a level 3 spell: Regeneration
 11583 | D:10     | Reached XP level 13. HP: 55/55 MP: 22/22
 11638 | D:9      | Reached skill level 1 in Charms
 11764 | D:8      | XOM: 3-stop teleportation journey
 11772 | D:8      | XOM: harmless Conj miscast
 11865 | D:6      | Found a glowing golden altar of the Shining One.
 11868 | D:6      | Found the +11 plutonium sword {*Contam Stlth-}
 11986 | D:5      | Noticed Edmund
 11993 | D:5      | Killed Edmund
 12043 | D:5      | XOM: scenery: create altars
 12091 | D:5      | Found a staircase to the Ecumenical Temple.
 12240 | D:5      | Noticed Menkaure
 12244 | D:5      | Killed Menkaure
 12244 | D:5      | Reached skill level 1 in Necromancy
 12263 | D:5      | XOM: 3-stop teleportation journey
 12346 | D:5      | Noticed Sigmund
 12351 | D:5      | Killed Sigmund
 12726 | D:3      | Found a sparkling altar of Nemelex Xobeh.
 12734 | D:3      | Found a faded altar of an unknown god.
 12907 | D:9      | XOM: enchant monster (good)
 12968 | Orc:1    | Entered Level 1 of the Orcish Mines
 13445 | Orc:2    | Entered Level 2 of the Orcish Mines
 13445 | Orc:2    | Found a staircase to the Elven Halls.
 13446 | Orc:2    | Noticed a stone giant
 13455 | Orc:2    | Killed a stone giant
 13503 | Orc:2    | XOM: cast spell 'Leda's Liquefaction'
 13624 | Orc:2    | XOM: harmless Fire miscast
 13888 | Orc:2    | XOM: enchant monster (good)
 13986 | Orc:2    | XOM: confuse monster(s)
 13988 | Orc:2    | Reached skill level 5 in Spellcasting
 14053 | Orc:2    | Noticed an orc warlord
 14111 | Orc:2    | Paralysed by an orc sorcerer for 2 turns
 14215 | Orc:2    | XOM: potion effect (agility)
 14236 | Orc:2    | Killed an orc warlord
 14236 | Orc:2    | Reached skill level 15 in Dodging
 14419 | Orc:2    | XOM: summons 3 hostile shadow creatures
 14431 | Orc:2    | XOM: give mutations
 14431 | Orc:2    | Gained mutation: You have a considerably increased reservoir of magic. (+20% MP) [Xom's grace]
 14431 | Orc:2    | Gained mutation: You possess an exceptional clarity of mind. [Xom's grace]
 14431 | Orc:2    | Gained mutation: Your mind is acute. (Int +2) [Xom's grace]
 14431 | Orc:2    | Gained mutation: You have a somewhat thin skeletal structure. (Dex +2, Stealth) [Xom's grace]
 14485 | Orc:2    | Found a roughly hewn altar of Beogh.
 14511 | Orc:2    | Found Nuopp's Antique Weapon Shop.
 14516 | Orc:2    | Found Esebaehu's Jewellery Shop.
 14540 | Orc:2    | Found Nosaw's Antique Armour Shop.
 14553 | Orc:2    | Found Pafina's General Store.
 14560 | Orc:2    | Bought a potion of might for 68 gold pieces
 14577 | Orc:2    | Bought the ring of the Mage {Wiz MR++ Int+3} for 878 gold pieces
 14577 | Orc:2    | Found the ring of the Mage {Wiz MR++ Int+3}
 14622 | Orc:2    | XOM: medium Conj miscast
 14677 | Elf:1    | Entered Level 1 of the Elven Halls
 14685 | Elf:1    | XOM: confuse monster(s)
 14727 | Elf:1    | Found a radiant altar of Vehumet.
 15218 | Elf:2    | Shot with an arrow by a deep elf archer
 15219 | Elf:2    | Reached XP level 12. HP: -13/55 MP: 18/26
 15229 | Elf:2    | XOM: harmless Erth miscast
 15237 | Elf:2    | Reached XP level 13. HP: 39/59 MP: 24/27
 15241 | Elf:2    | XOM: 1-stop teleportation journey
 15249 | Elf:2    | XOM: butterfly on damage
 15304 | Elf:2    | XOM: potion effect (agility)
 15306 | Elf:3    | XOM: noise
 15306 | Elf:3    | Entered Level 3 of the Elven Halls
 15314 | Elf:3    | XOM: potion effect (might)
 15315 | Elf:3    | Noticed a deep elf sorcerer
 15323 | Elf:3    | XOM: potion effect (haste)
 15325 | Elf:3    | Killed a deep elf sorcerer
 15428 | Elf:3    | XOM: potion effect (might)
 15531 | Elf:3    | Found Uvael's Antique Armour Boutique.
 15570 | Elf:3    | Found a radiant altar of Vehumet.
 15593 | Elf:3    | Reached skill level 10 in Fighting
 15975 | Elf:2    | Noticed a deep elf elementalist
 15979 | Elf:2    | XOM: harmless Conj miscast
 15985 | Elf:2    | Noticed a deep elf death mage
 15985 | Elf:2    | Killed a deep elf elementalist
 15994 | Elf:2    | Killed a deep elf death mage
 16141 | Elf:2    | Reached XP level 14. HP: 53/66 MP: 19/28
 16176 | Elf:2    | XOM: smoke on damage
 16177 | Elf:2    | Reached skill level 10 in Evocations
 16209 | Elf:2    | Found the +6 shillelagh "Devastator" {shatter}
 16234 | Elf:2    | Learned a level 5 spell: Borgnjor's Vile Clutch
 16290 | Elf:2    | XOM: medium Erth miscast
 16352 | Elf:1    | XOM: butterfly on damage
 16388 | Elf:1    | XOM: swap monsters
 16410 | Elf:1    | Found an ancient bone altar of Kikubaaqudgha.
 16549 | Elf:1    | XOM: mild Air miscast
 16682 | Elf:1    | XOM: harmless Hex miscast
 16785 | Elf:1    | Reached skill level 10 in Transmutations
 16919 | Elf:1    | XOM: smoke on damage
 16971 | Elf:1    | XOM: fog
 17490 | Lair:1   | Identified the Disquisition on Stolen Souls and Clay
 17505 | Lair:1   | Learned a level 5 spell: Lee's Rapid Deconstruction
 17557 | Lair:1   | XOM: scenery: create altars
 17704 | Lair:1   | Reached skill level 1 in Earth Magic
 17822 | Lair:1   | XOM: mild Summ miscast
 17914 | Lair:2   | XOM: polymorph black mamba -> komodo dragon
 17917 | Lair:2   | Reached skill level 16 in Dodging
 17917 | Lair:2   | XOM: summons friendly crimson imp
 17927 | Lair:2   | XOM: cast spell 'Summon Small Mammal'
 18054 | Lair:2   | XOM: confuse monster(s)
 18065 | Lair:2   | XOM: cast spell 'Summon Small Mammal'
 18078 | Lair:2   | XOM: noise
 18151 | Lair:3   | XOM: harmless Conj miscast
 18215 | Lair:4   | XOM: harmless Ice miscast
 18280 | Lair:4   | XOM: potion effect (curing)
 18345 | Lair:4   | XOM: potion effect (curing)
 18375 | Lair:4   | Reached skill level 5 in Earth Magic
 18375 | Lair:4   | XOM: potion effect (agility)
 18447 | Lair:4   | Killed from afar by a lindwurm

Vault maps used:
D:1:      ncdulo_halloftheorcs
D:2:      nicolae_ru_path_of_blood
D:3:      lemuel_doored_altar, chequers_ecumenical_altar_simple_redux
D:4:      kiku_gazebo_garden_becter, fountainhead
D:5:      grunt_dithmenos_smoke, minmay_temple_entry_enclosed_plants,
          first_ration, uniq_sigmund, uniq_blork_the_orc, uniq_edmund,
          uniq_menkaure
D:6:      lemuel_crystal_altar, serial_shops, shop, cheibrodos_sewer_entry_drain
D:9:      kennysheep_mini, enter_bailey_3
D:10:     lair_entry_dummy, zombieorc2_lemuel, serial_glass, glass_columns_a,
          glass_columns_b, glass_columns_c, glass_columns_c, glass_columns_a,
          glass_columns_a, feat_on_display
D:11:     serial_column_ruins, column_ruins_corridor_corner,
          column_ruins_columns_straight, column_ruins_open_tiny,
          column_ruins_open_medium, trove_entry_hex_spiral,
          hangedman_stone_soup, uniq_maurice, uniq_josephine, uniq_erolcha
D:12:     grunt_ministairs_6, minmay_misc_feat_tower, lightli_minifort
D:13:     david_vaults_4, spider_trap
D:14:     corexii_hall_statues_l
D:15:     grunt_enter_depths_giant_problem, serial_shops, shop,
          nicolae_two_hexagons, aerie_lemuel
Lair:1:   kb_forest_paths, lemuel_fruit_fields, uniq_fannar
Lair:2:   portal_ice_cave_entry_pillars_1, minmay_lair_oklob_chamber,
          lemuel_fruit_fields, lemuel_fruit_fields
Lair:3:   elwin_shoals_entry_rocks, serial_bayou_shore_b
Lair:4:   regret_index_wax_grids, spider_nest_entry_rubble
Lair:5:   basic_altar, uniq_rupert
Lair:6:   minmay_lair_end_frog_pond, slime_altar_2
Orc:1:    roderic_batcave
Orc:2:    grunt_orc_cross
Elf:1:    eino_elf_arrival_altar, basic_altar, minivault_28
Elf:2:    minmay_checkered_concentric_circles
Elf:3:    minmay_elf_hall_hex, serial_shops,
          nicolae_shop_competitors_out_of_business, basic_altar
Bailey:   bailey_polearm_flooded_kennysheep, bailey
IceCv:    ice_cave_caverns_01

Skill      XL: |  1  2  3  4  5  6  7  8  9 10 11 12 13 14 |
---------------+-------------------------------------------+-----
Stealth        | 1 2 3 4 5 6 10 11 12 15 | 15.0
Dodging        | 4 5 6 8 9 11 12 13 15 16 | 16.0
Unarmed Combat | 4 5 8 9 10 13 14 15 | 15.0
Evocations     | 3 6 9 10 | 10.0
Transmutations | 4 7 10 | 10.0
Spellcasting   | 2 6 |  6.2
Fighting       | 6 10 | 10.0
Charms         | 4 |  4.9
Necromancy     | 4 |  4.0
Earth Magic    | 5 |  5.2

Action                   |  1- 3 |  4- 6 |  7- 9 | 10-12 | 13-15 || total
-------------------------+-------+-------+-------+-------+-------++-------
Melee: Unarmed           |    87 |    23 |   127 |   757 |   836 ||  1830
       Bite              |     5 |     1 |     8 |    78 |    89 ||   181
       Punch             |       |       |     1 |    56 |    39 ||    96
       Headbutt          |       |       |       |    84 |   140 ||   224
 Cast: Regeneration      |       |       |       |     7 |    84 ||    91
       Ice Form          |       |       |       |       |     5 ||     5
 Abil: Evoke Berserk Rag |       |       |       |    36 |    40 ||    76
       End Transformatio |       |       |       |       |     1 ||     1
Evoke: Wand              |       |       |    27 |    16 |     6 ||    49
       Box of beasts     |       |       |       |       |     2 ||     2
  Use: Potion            |     2 |     2 |     4 |    14 |     3 ||    25
       Scroll            |       |     5 |    12 |     6 |     8 ||    31
 Stab: Sleeping          |     7 |     5 |    12 |    16 |    57 ||    97
       Distracted        |     2 |       |       |     7 |     3 ||    12
       Confused          |       |       |     2 |     8 |     1 ||    11
       Paralysed         |       |       |     4 |     3 |       ||     7
       Fleeing           |       |       |       |       |     1 ||     1
       Petrified         |       |       |       |       |     1 ||     1
  Eat: Chunk             |     7 |     1 |     8 |    53 |    67 ||   136
Armor: Skin              |     7 |     1 |    18 |    24 |    50 ||   100
Dodge: Dodged            |    79 |    12 |   156 |   687 |   624 ||  1558

Table legend:
 A = Spawn XP
 B = Non-spawn XP
 C = Spawn XP percentage of total XP
 D = Spawn monster count
 E = Non-spawn monster count
 F = Spawn count percentage of total count
 G = Total turns spent on level
                    A         B        C        D         E        F      G
               +---------+---------+-------+---------+---------+-------+---------
         Total |       0 |  161109 |   0.0 |       0 |     672 |   0.0 | 18447
               +---------+---------+-------+---------+---------+-------+---------
           D:1 |       0 |      20 |   0.0 |       0 |      11 |   0.0 |   238
           D:2 |       0 |      33 |   0.0 |       0 |      13 |   0.0 |   293
           D:3 |       0 |     119 |   0.0 |       0 |      17 |   0.0 |   447
           D:4 |       0 |     188 |   0.0 |       0 |       7 |   0.0 |   321
           D:5 |       0 |     898 |   0.0 |       0 |      13 |   0.0 |   619
           D:6 |       0 |     412 |   0.0 |       0 |      20 |   0.0 |   326
           D:7 |       0 |     460 |   0.0 |       0 |      12 |   0.0 |   478
           D:8 |       0 |     275 |   0.0 |       0 |       6 |   0.0 |   445
           D:9 |       0 |    1357 |   0.0 |       0 |      23 |   0.0 |   682
          D:10 |       0 |    2013 |   0.0 |       0 |      42 |   0.0 |   782
          D:11 |       0 |    3753 |   0.0 |       0 |      26 |   0.0 |   639
          D:12 |       0 |    1694 |   0.0 |       0 |      11 |   0.0 |   494
          D:13 |       0 |    3774 |   0.0 |       0 |      12 |   0.0 |   973
          D:14 |       0 |    2911 |   0.0 |       0 |      10 |   0.0 |   164
          D:15 |       0 |    1470 |   0.0 |       0 |       3 |   0.0 |   514
        Lair:1 |       0 |    4894 |   0.0 |       0 |      21 |   0.0 |   746
        Lair:2 |       0 |   10331 |   0.0 |       0 |      25 |   0.0 |   519
        Lair:3 |       0 |    3861 |   0.0 |       0 |      22 |   0.0 |   675
        Lair:4 |       0 |   14479 |   0.0 |       0 |      62 |   0.0 |   646
        Lair:5 |       0 |     611 |   0.0 |       0 |       3 |   0.0 |   185
        Lair:6 |       0 |   22745 |   0.0 |       0 |      73 |   0.0 |  1817
         Orc:1 |       0 |    2012 |   0.0 |       0 |      34 |   0.0 |   490
         Orc:2 |       0 |   12004 |   0.0 |       0 |      65 |   0.0 |  1254
         Elf:1 |       0 |   20620 |   0.0 |       0 |      34 |   0.0 |  1072
         Elf:2 |       0 |   23809 |   0.0 |       0 |      35 |   0.0 |   829
         Elf:3 |       0 |   12280 |   0.0 |       0 |      19 |   0.0 |   511
         IceCv |       0 |   14086 |   0.0 |       0 |      53 |   0.0 |  2285
               +---------+---------+-------+---------+---------+-------+---------
